 Dungeon Crawl Stone Soup version 0.30-a0-726-gd89dcf765f (webtiles) character file.

Game seed: 7824676905630993020

130 Leeroy the Grasshopper (level 5, -1/43 HPs)
             Began as a Gnoll Warper on Jan 29, 2023.
             Slain by Grinder (3 damage)
             ... on level 3 of the Dungeon.
             The game lasted 00:03:41 (2317 turns).

Leeroy the Grasshopper (Gnoll Warper)               Turns: 2317, Time: 00:03:42

Health: -1/43      AC:  4    Str: 11    XL:     5   Next: 13%
Magic:  1/12       EV: 12    Int: 12    God:
Gold:   164        SH:  4    Dex: 13    Spells: 2/14 levels left

rFire   . . .      SeeInvis .    a - +0 falchion
rCold   . . .      Faith    .    e - +0 buckler
rNeg    . . .      Spirit   .    b - +0 leather armour
rPois   .          Reflect  .    (no helmet)
rElec   .          Harm     .    (no cloak)
rCorr   .          Rampage  .    g - +0 pair of gloves
Will    .....                    (no boots)
Stlth   +                        (no amulet)
HPRegen 0.27/turn                (no ring)
MPRegen 0.13/turn                (no ring)

@: no status effects
A: fangs 1, strong nose, distributed training
a: no special abilities


You were on level 3 of the Dungeon.
You visited 1 branch of the dungeon, and saw 3 of its levels.

You collected 164 gold pieces.

Inventory:

Hand Weapons
 a - a +0 falchion (weapon)
Missiles
 d - 3 boomerangs of dispersal (quivered)
 k - 6 poisoned darts
 q - 4 javelins
Armour
 b - a +0 leather armour (worn)
 e - a +0 buckler (worn)
 g - a +0 pair of gloves (worn)
Magical Staves
 s - a staff of poison
Scrolls
 c - a scroll of blinking
 f - a scroll of acquirement {unknown}
 i - 2 scrolls of identify {unknown}
 j - a scroll of teleportation {unknown}
 l - a scroll of immolation {unknown}
 n - a scroll of amnesia {unknown}
 p - a scroll of magic mapping {unknown}
 t - a scroll of fear {unknown}
 x - a scroll of vulnerability {unknown}
Potions
 h - a potion of experience {unknown}
 m - a potion of attraction {unknown}
 o - 2 potions of invisibility {unknown}
 r - 2 potions of degeneration {unknown}
 u - a potion of mutation {unknown}
 v - a potion of lignification {unknown}
 w - a potion of ambrosia {unknown}


   Skills:
 + Level 4.7 Fighting
 + Level 1.4 Short Blades
 + Level 4.7 Long Blades
 + Level 1.4 Axes
 + Level 1.4 Maces & Flails
 + Level 1.4 Polearms
 + Level 1.4 Staves
 + Level 1.4 Ranged Weapons
 + Level 2.9 Throwing
 + Level 2.9 Armour
 + Level 4.7 Dodging
 + Level 1.4 Stealth
 + Level 1.4 Shields
 + Level 1.4 Unarmed Combat
 + Level 5.2 Spellcasting
 + Level 1.1 Conjurations
 + Level 1.1 Hexes
 + Level 1.1 Summonings
 + Level 1.1 Necromancy
 + Level 5.5 Translocations
 + Level 1.1 Transmutations
 + Level 1.1 Fire Magic
 + Level 1.1 Ice Magic
 + Level 1.1 Air Magic
 + Level 1.1 Earth Magic
 + Level 1.1 Poison Magic
 + Level 1.6 Invocations
 + Level 1.4 Evocations


You had 2 spell levels left.
You knew the following spells:

 Your Spells              Type           Power      Damage    Failure   Level
a - Blink                 Tloc           32%        N/A       5%          2
b - Teleport Other        Tloc           16%        N/A       11%         3
c - Vhi's Electric Charg  Tloc/Air       22%        N/A       26%         3
d - Manifold Assault      Tloc           16%        N/A       34%         4

Your spell library contained the following spells:

 Spells                   Type           Power      Damage    Failure   Level
 Lesser Beckoning         Tloc           32%        N/A       5%          2
 Petrify                  Tmut/Erth      5%         N/A       91%         4
 Metabolic Englaciation   Hex/Ice        2%         N/A       99%         5
 Statue Form              Tmut/Erth      3%         N/A       100%        6


Dungeon Overview and Level Annotations

Branches:
Dungeon (3/15)

Altars:
Ashenzari
Dithmenos
Xom

Annotations:
D:3 Grinder


Innate Abilities, Weirdness & Mutations

You have very sharp teeth.
Your uncanny sense of smell can sniff out nearby items.
Your experience applies equally to all skills.


Message History

Grinder is severely wounded.
Casting: Vhi's Electric Charge (quite dangerous; 26% risk of failure)
Confirm with . or Enter, or press ? or * to list all spells.
You can't see anything to charge at.
Grinder gestures at you. Pain shoots through your body!
* * * LOW HITPOINT WARNING * * *
Casting: Vhi's Electric Charge (quite dangerous; 26% risk of failure)
Confirm with . or Enter, or press ? or * to list all spells.
The spell is quite dangerous to miscast (26% risk of failure)!
Continue anyway? [Y]es or [N]o only, please.
The spell is quite dangerous to miscast (26% risk of failure)!
Continue anyway?
Charge where?
Press: ? - help, Dir - move target, f/p - Grinder
Aim: Grinder (severely wounded, 76% to hit)
You charge forward with an electric crackle!
You closely miss Grinder.
Grinder is severely wounded.
Grinder hits you but does no damage.
You closely miss Grinder. You bite Grinder.
Grinder is severely wounded.
Grinder hits you.
* * * LOW HITPOINT WARNING * * *
You writhe in agony.
* * * LOW HITPOINT WARNING * * *
Your magical contamination has completely faded away.
You barely miss Grinder.
Grinder is severely wounded.
Grinder gestures at you.
You suddenly lose the ability to move!
Grinder hits you.
* * * LOW HITPOINT WARNING * * *
You writhe in agony.
* * * LOW HITPOINT WARNING * * *
You can move again.
Unknown command.
You closely miss Grinder.
Grinder is severely wounded.
Grinder hits you.
You die...

#...#.<.#.# .. ###....
#...#...#.## ... #.[...#
#...#._.#..##... #.###.#
#.#...#...... ##### #.#
####.#≈≈≈#...#####...#####)#
#............#...#._.#.....#
##......##....#...#...#...5.#
#............5#^#.#'''#.....#
###.......##..@##.#.#...#......
#......######..<....'.#.'......
#......######.......'.#.'......
#...........#.......'.#.'.#.#..
#.(.........#.......#...#......
#...................#'''#......
#..............##...#...#......
#..........(....#...#._.#......
####....#############...###.#..


You could see Grinder.

Vanquished Creatures
  A phantom (D:3)
  A worm (D:2)
  A dart slug (D:1)
  2 endoplasms
  A giant cockroach (D:2)
  3 goblins
  8 hobgoblins
  2 jackals (D:1)
  7 kobolds
  3 quokkas
  5 ball pythons
  4 bats (D:1)
  4 frilled lizards
  6 rats
48 creatures vanquished.

Notes
Turn   | Place    | Note
-------+----------+-------------------------------------------
     0 | D:1      | Leeroy the Gnoll Warper began the quest for the Orb.
     0 | D:1      | Reached XP level 1. HP: 20/20 MP: 6/6
   201 | D:1      | Reached XP level 2. HP: 26/26 MP: 7/7
   473 | D:1      | Reached skill level 5 in Spellcasting
   473 | D:1      | Reached XP level 3. HP: 29/31 MP: 7/9
   752 | D:1      | Reached skill level 1 in Invocations
  1085 | D:2      | Found a broken altar of Ashenzari.
  1144 | D:2      | Reached skill level 1 in Short Blades
  1144 | D:2      | Reached skill level 1 in Axes
  1144 | D:2      | Reached skill level 1 in Maces & Flails
  1144 | D:2      | Reached skill level 1 in Polearms
  1144 | D:2      | Reached skill level 1 in Staves
  1144 | D:2      | Reached skill level 1 in Ranged Weapons
  1144 | D:2      | Reached skill level 1 in Stealth
  1144 | D:2      | Reached skill level 1 in Shields
  1144 | D:2      | Reached skill level 1 in Unarmed Combat
  1144 | D:2      | Reached skill level 1 in Evocations
  1823 | D:3      | Found a faded altar of an unknown god.
  1863 | D:3      | Found a shadowy altar of Dithmenos.
  1889 | D:3      | Noticed a phantom
  1907 | D:3      | Killed a phantom
  1908 | D:3      | Reached skill level 1 in Conjurations
  1908 | D:3      | Reached skill level 1 in Hexes
  1908 | D:3      | Reached skill level 1 in Summonings
  1908 | D:3      | Reached skill level 1 in Necromancy
  1908 | D:3      | Reached skill level 1 in Transmutations
  1908 | D:3      | Reached skill level 1 in Fire Magic
  1908 | D:3      | Reached skill level 1 in Ice Magic
  1908 | D:3      | Reached skill level 1 in Air Magic
  1908 | D:3      | Reached skill level 1 in Earth Magic
  1908 | D:3      | Reached skill level 1 in Poison Magic
  1908 | D:3      | Reached XP level 4. HP: 8/38 MP: 11/11
  1908 | D:3      | Reached XP level 5. HP: 9/43 MP: 12/12
  2084 | D:3      | Found a shimmering altar of Xom.
  2104 | D:3      | Noticed Grinder
  2109 | D:3      | Paralysed by Grinder for 5 turns
  2269 | D:2      | Learned a level 2 spell: Blink
  2273 | D:2      | Learned a level 3 spell: Teleport Other
  2277 | D:2      | Learned a level 3 spell: Vhi's Electric Charge
  2282 | D:2      | Learned a level 4 spell: Manifold Assault
  2291 | D:3      | Paralysed by Grinder for 5 turns
  2315 | D:3      | Paralysed by Grinder for 2 turns
  2316 | D:3      | HP: 1/43 [Grinder (3)]
  2317 | D:3      | Slain by Grinder

Illustrated notes

Levels and vault maps discovered:
D:1:      wheals_arrival_linesprint, layout_basic
D:2:      layout_basic, basic_altar, minmay_circled_x
D:3:      kb_forest_paths, layout_basic, mainiacjoe_overflow_big_doors,
          nicolae_ecumenical_oubliette, uniq_crazy_yiuf_cottage, uniq_grinder

Skill      XL: |  1  2  3 |
---------------+----------+-----
Spellcasting   | 5 |  5.2
Invocations    | 1 |  1.6
Short Blades   | 1 |  1.4
Axes           | 1 |  1.4
Maces & Flails | 1 |  1.4
Polearms       | 1 |  1.4
Staves         | 1 |  1.4
Ranged Weapons | 1 |  1.4
Stealth        | 1 |  1.4
Shields        | 1 |  1.4
Unarmed Combat | 1 |  1.4
Evocations     | 1 |  1.4
Conjurations   | 1 |  1.1
Hexes          | 1 |  1.1
Summonings     | 1 |  1.1
Necromancy     | 1 |  1.1
Transmutations | 1 |  1.1
Fire Magic     | 1 |  1.1
Ice Magic      | 1 |  1.1
Air Magic      | 1 |  1.1
Earth Magic    | 1 |  1.1
Poison Magic   | 1 |  1.1
Fighting       | |  4.7
Long Blades    | |  4.7
Throwing       | |  2.9
Armour         | |  2.9
Dodging        | |  4.7
Translocations | |  5.5

Action                     |  1- 3 |  4- 6 || total
---------------------------+-------+-------++-------
  Melee: Falchion          |   163 |    26 ||   189
         Bite              |     9 |     1 ||    10
  Throw: Boomerang         |       |     4 ||     4
   Cast: Vhi's Electric Ch |       |     4 ||     4
    Use: Scroll            |       |     1 ||     1
 Armour: Leather armour    |    43 |     7 ||    50
  Dodge: Dodged            |   122 |    14 ||   136
  Block: Buckler           |    28 |     2 ||    30

Table legend: (Time is in decaauts)
 A = Elapsed time spent in this place.
 B = Non-inter-level travel time spent in this place.
 C = Inter-level travel time spent in this place.
 D = Time resting spent in this place.
 E = Time spent auto-exploring this place.
 F = Levels seen in this place.
 G = Mean time per level.
                   A        B        C        D        E       F      G
               +--------+--------+--------+--------+--------+-----+--------+
         Total |   2340 |   2203 |    137 |    130 |   1606 |   3 |  780.0 |
       Dungeon |   2340 |   2203 |    137 |    130 |   1606 |   3 |  780.0 |
               +--------+--------+--------+--------+--------+-----+--------+

Top non-repeatable levels by time:
     D:1: 1004 daAuts
     D:2: 987 daAuts
     D:3: 348 daAuts
